 Dungeon Crawl Stone Soup version 0.30-a0-51-g784eafce7f (webtiles) character file.

Game seed: 13087277572444420902

32 BritishOli the Trooper (level 3, 26/29 HPs)
             Began as a Demonspawn Fighter on Sept 6, 2022.
             Got out of the dungeon alive.
             The game lasted 00:01:25 (1538 turns).

BritishOli the Trooper (Demonspawn Fighter)         Turns: 1538, Time: 00:01:26

Health: 26/29      AC: 12    Str: 18    XL:     3   Next: 10%
Magic:  3/3        EV:  9    Int:  9    God:
Gold:   55         SH:  9    Dex: 12    Spells: 2/2 levels left

rFire   . . .      SeeInvis .    a - +0 long sword
rCold   . . .      Faith    .    c - +0 buckler
rNeg    . . .      Spirit   .    b - +0 scale mail
rPois   .          Reflect  +    (no helmet)
rElec   .          Harm     .    (no cloak)
rCorr   .          Rampage  .    f - +1 pair of gloves
Will    .....                    i - +0 pair of boots
Stlth   ..........               n - amulet of reflection
HPRegen 0.09/turn                (no ring)
MPRegen 0.16/turn                (no ring)

@: no status effects
A: icy blue scales 1, magic regeneration
a: no special abilities


You escaped.
You visited 1 branch of the dungeon, and saw 2 of its levels.

You collected 55 gold pieces.

Inventory:

Hand Weapons
 a - a +0 long sword (weapon)
Armour
 b - a +0 scale mail (worn)
 c - a +0 buckler (worn)
 f - a +1 pair of gloves (worn)
 i - a +0 pair of boots (worn)
Jewellery
 h - a ring of willpower
 n - an amulet of reflection (around neck)
Scrolls
 e - a scroll of blinking {unknown}
 g - a scroll of poison {unknown}
 k - 2 scrolls of vulnerability {unknown}
 l - a scroll of enchant armour {unknown}
Potions
 d - a potion of might
 j - 2 potions of flight {unknown}
 m - a potion of brilliance {unknown}
 o - 2 potions of curing {unknown}


   Skills:
 + Level 3.3 Fighting
 + Level 2.2 Long Blades
 + Level 3.0 Armour
 + Level 3.0 Shields


You had 2 spell levels left.
You didn't know any spells.
Your spell library contained the following spells:

 Spells                   Type           Power      Damage    Failure   Level
 Ignite Poison            Fire/Tmut/Pois 0%         N/A       99%         3
 Ozocubu's Armour         Ice            0%         N/A       99%         3
 Petrify                  Tmut/Erth      0%         N/A       100%        4
 Summon Ice Beast         Ice/Summ       0%         N/A       100%        4
 Metabolic Englaciation   Hex/Ice        0%         N/A       100%        5
 Simulacrum               Ice/Necr       0%         N/A       100%        6
 Necromutation            Tmut/Necr      0%         N/A       100%        8


Dungeon Overview and Level Annotations

Branches:
Dungeon (2/15)

Altars:


Innate Abilities, Weirdness & Mutations

You are partially covered in icy blue scales. (AC +2)
You regenerate magic rapidly.


Message History

You are poisoned.
The adder poisons you!
You hit the adder.
The adder is heavily wounded.
You feel sick. The adder closely misses you.
You barely miss the adder.
The adder is heavily wounded.
You feel sick. You block the adder's attack. The adder bites you.
You are more poisoned.
The adder poisons you!
You slash the adder!
You kill the adder!
You feel sick.
Your Armour skill increases to level 3!
You have reached level 3!
Your experience leads to an increase in your attributes!
Increase (S)trength, (I)ntelligence, or (D)exterity?
You feel stronger. x2; Your demonic ancestry asserts itself...
Your magic begins to regenerate rapidly.
(D) Dungeon
Where to? (Enter - D:2, ? - help)
You feel sick.
You feel sick.
You feel sick.
You feel sick.
You feel sick.
You are no longer poisoned.
You see here 3 stones.
There is a stone staircase leading up here.
You climb upwards.
There is a stone staircase leading down here.
(D) Dungeon
Where to? (Enter - D:1, ? - help)
Okay, then.
There is an open door here.
There is an open door here.
There is a large open door here.
There is a staircase leading out of the dungeon here.
Are you sure you want to leave the Dungeon?
This will make you lose the game!
You have escaped!

....# ###'§###
##...###.. ###.#
###≈≈§.≈≈### ###.###.. #
#.# ##≈§≈≈..≈§§≈##
#..##.. ###.#
#≈≈§#≈..≈#§§§####..PP..
....#
##§≈≈≈≈..§≈≈≈≈##...P♣.P.
#.###
#§§≈≈≈§..≈≈≈§≈≈#..P♣PP♣P
#.#
#≈≈≈≈≈#..#≈§≈§≈#...♣_P♣.
#.#
#≈≈#≈≈#..#≈≈#≈§#......P.
#.#
#≈≈≈≈≈#@>#≈≈≈≈≈#........
#.#
#≈§§≈§####≈≈≈≈≈#...#....
#.# #§§§≈ ≈≈≈§#...##..#
#.# ##≈ §≈##.#####.# #.#
#.......# ..####
####.#### .....#####
#....# .........######
#### ###...
.###.####.#...## #..#
####....


There were no monsters in sight!

Vanquished Creatures
  An adder (D:2)
  A dart slug (D:1)
  6 bats
  An endoplasm (D:1)
  A giant cockroach (D:1)
  2 goblins (D:1)
  2 jackals (D:1)
  A ball python (D:2)
  4 frilled lizards (D:1)
  4 kobolds
  A rat (D:2)
24 creatures vanquished.

Notes
Turn   | Place    | Note
-------+----------+-------------------------------------------
     0 | D:1      | BritishOli the Demonspawn Fighter began the quest for the
                  | Orb.
     0 | D:1      | Reached XP level 1. HP: 18/18 MP: 1/1
   361 | D:1      | Got Sif Muna's Atlas of Frozen Shapes
   391 | D:1      | Gained mutation: You are partially covered in icy blue
                  | scales. (AC +2) [demonic ancestry]
   391 | D:1      | Reached XP level 2. HP: 18/24 MP: 2/2
   661 | D:1      | Found a faded altar of an unknown god.
  1404 | D:2      | Gained mutation: You regenerate magic rapidly. [demonic
                  | ancestry]
  1404 | D:2      | Reached XP level 3. HP: 19/29 MP: 3/3
  1538 | D:$      | Got out of the dungeon alive.

Illustrated notes

Levels and vault maps discovered:
D:1:      lightli_molten_gateway, layout_loops_ring,
          ebering_ecumenical_altar_petrified, dk_noncrumbling_2, minivault_11
D:2:      layout_basic, serial_bayou_pond_e

Skill      XL: |  1  2 |
---------------+-------+-----
Long Blades    | 2 |  2.2
Shields        | 3 |  3.0
Armour         | 3 |  3.0
Fighting       | |  3.3

Action                   || total
-------------------------++-------
Melee: Long sword        ||    79
Armor: Scale mail        ||    36
Dodge: Dodged            ||    32
Block: Buckler           ||    39

Table legend: (Time is in decaauts)
 A = Elapsed time spent in this place.
 B = Non-inter-level travel time spent in this place.
 C = Inter-level travel time spent in this place.
 D = Time resting spent in this place.
 E = Time spent auto-exploring this place.
 F = Levels seen in this place.
 G = Mean time per level.
                   A        B        C        D        E       F      G
               +--------+--------+--------+--------+--------+-----+--------+
         Total |   1566 |   1383 |    183 |      0 |   1162 |   2 |  783.0 |
       Dungeon |   1566 |   1383 |    183 |      0 |   1162 |   2 |  783.0 |
               +--------+--------+--------+--------+--------+-----+--------+

Top non-repeatable levels by time:
     D:1: 1283 daAuts
     D:2: 283 daAuts
